 Dungeon Crawl Stone Soup version 0.17.1-3-g152610e (webtiles) character file.

6860 Blunderbuss the Thaumaturge (level 11, -2/59 HPs)
             Began as a Gargoyle Earth Elementalist on Apr 19, 2016.
             Was a Believer of Vehumet.
             Slain by a black mamba (8 damage)
             ... on level 1 of the Lair of Beasts.
             The game lasted 01:06:12 (9673 turns).

Blunderbuss the Thaumaturge (GrEE)                  Turns: 9673, Time: 01:06:12

Health: -2/59      AC: 12    Str: 18    XL:     11   Next: 6%
Magic:  21/26      EV: 13    Int: 25    God:    Vehumet [**....]
Gold:   444        SH:  0    Dex: 13    Spells: 5 memorised, 17 levels left

rFire  . . .     SeeInvis .     b - 140 stones
rCold  . . .     Clarity  .     m - +0 robe of the Thunderstorm {Str+6 Dex+3}
rNeg   + + .     SustAt   .     (no shield)
rPois  ∞         Gourm    .     (helmet restricted)
rElec  +         Spirit   .     t - +0 cloak
rCorr  .         Warding  +     (no gloves)
rMut   .         Stasis   .     a - +1 pair of boots
MR     .....                    C - amulet of warding
Stlth  ++........               e - +4 ring of intelligence
                                s - ring of wizardry

@: not resistant to hostile enchantments, unstealthy
A: horns 1, clever 1, negative energy resistance 1, electricity resistance,
unbreathing, evolution 1, petrification resistance, rot immunity, AC +7
a: Renounce Religion


You were on level 1 of the Lair of Beasts.
You worshipped Vehumet.
Vehumet was pleased with you.
You were very full.

You visited 3 branches of the dungeon, and saw 11 of its levels.

You collected 444 gold pieces.

Inventory:

Hand Weapons
 B - the +1 flail of Xogra {freeze, rPois rN+}
   (You found it on level 9 of the Dungeon)

   It has been specially enchanted to freeze those struck by it, causing extra
   injury to most foes and up to half again as much damage against particularly
   susceptible opponents.
   It can also slow down cold-blooded creatures.
   It protects you from poison.
   It protects you from negative energy.
Missiles
 b - 140 stones (in hand)
Armour
 a - a +1 pair of boots (worn)
 m - the +0 robe of the Thunderstorm (worn) {Str+6 Dex+3}
   (You found it on level 5 of the Dungeon)

   It affects your strength (+6).
   It affects your dexterity (+3).
 t - a +0 cloak (worn)
Jewellery
 e - a +4 ring of intelligence (right hand)
 i - a cursed ring of teleportation
 l - an uncursed ring of flight
 p - an uncursed ring of wizardry
 s - a ring of wizardry (left hand)
 w - an uncursed ring of magical power {unknown}
 y - an uncursed ring of sustain attributes
 C - an amulet of warding (around neck)
Wands
 f - a wand of disintegration (0)
 h - a wand of lightning (2)
 q - a wand of flame (0)
 u - a wand of disintegration (6)
 v - a wand of teleportation (1)
 z - a wand of digging (10)
 F - a wand of random effects (10)
Scrolls
 g - 3 scrolls of remove curse
 o - 2 scrolls of amnesia
 r - a scroll of magic mapping
Potions
 j - a potion of flight {unknown}
 n - a potion of haste
 x - a potion of magic {unknown}
 A - 2 potions of lignification
 G - a potion of agility
Books
 c - a book of Geomancy

   Spells                             Type                      Level
   a - Sandblast                      Earth                        1
   b - Stoneskin                      Transmutation/Earth          2
   c - Passwall                       Transmutation/Earth          3
   d - Stone Arrow                    Conjuration/Earth            3
   e - Petrify                        Transmutation/Earth          4
   f - Lee's Rapid Deconstruction     Earth                        5
 D - a book of Clouds

   Spells                             Type                      Level
   a - Mephitic Cloud                 Conjuration/Poison/Air       3
   b - Conjure Flame                  Conjuration/Fire             3
   c - Poisonous Cloud                Conjuration/Poison/Air       6
   d - Freezing Cloud                 Conjuration/Ice/Air          6
   e - Ring of Flames                 Charms/Fire                  7
 H - a book of the Earth

   Spells                             Type                      Level
   a - Leda's Liquefaction            Hexes/Earth                  4
   b - Bolt of Magma                  Conjuration/Fire/Earth       5
   c - Statue Form                    Transmutation/Earth          6
   d - Iron Shot                      Conjuration/Earth            6
   e - Shatter                        Earth                        9
Comestibles
 d - 8 bread rations
 k - 3 meat rations
 I - 4 fruits
 K - 5 slices of pizza


   Skills:
 + Level 2.9 Fighting
   Level 0.0 Long Blades
 + Level 2.6 Maces & Flails
 + Level 2.9 Armour
 + Level 2.9 Dodging
 - Level 2.1 Stealth
 * Level 11.5 Spellcasting
 - Level 0.7 Transmutations
 + Level 2.2 Fire Magic
 + Level 10.8 Earth Magic


You had 17 spell levels left.
You knew the following spells:

 Your Spells              Type           Power        Failure   Level  Hunger
a - Sandblast             Erth           ######       1%          1    None
b - Stoneskin             Trmt/Erth      #####...     1%          2    None
c - Stone Arrow           Conj/Erth      #####.       1%          3    None
d - Lee's Rapid Deconstr  Erth           ######....   1%          5    ###....
e - Bolt of Magma         Conj/Fire/Erth #####.....   9%          5    ###....


Dungeon Overview and Level Annotations

Branches:
Dungeon (9/15)             Temple (1/1) D:7            Lair (1/8) D:9
    Orc (0/4) D:9

Altars:
Ashenzari
Cheibriados
Dithmenos
Elyvilon
Fedhas
Gozag
Kikubaaqudgha
Makhleb
Nemelex Xobeh
Okawaru
Qazlal
Ru
Sif Muna
Trog
Vehumet
Xom
Yredelemnul
Zin
The Shining One

Portals:
Bailey: D:7

Annotations:
Lair:1 Fannar


Innate Abilities, Weirdness & Mutations

You are resistant to torment.
Your stone body is resilient (AC +7).
You are immune to poison.
You resist negative energy.
You are resistant to electric shocks.
You can survive without breathing.
You are immune to petrification.
You are immune to rotting.
You have a pair of small horns on your head.
Your mind is acute. (Int +2)
You evolve.


Message History

The black mamba is heavily wounded.
The black mamba bites you!
* * * LOW HITPOINT WARNING * * *
The black mamba bites you but does no damage.
Casting: Sandblast
Confirm with . or Enter, or press ? or * to list all spells.
Aiming: Sandblast
Press: ? - help, Shift-Dir - straight line, f/p - black mamba
Aim: a black mamba (heavily wounded)
The rocky blast misses the black mamba.
The black mamba bites you but does no damage.
Casting: Sandblast
Confirm with . or Enter, or press ? or * to list all spells.
Aiming: Sandblast
Press: ? - help, Shift-Dir - straight line, f/p - black mamba
Aim: a black mamba (heavily wounded)
The rocky blast misses the black mamba.
The black mamba bites you!
* * * LOW HITPOINT WARNING * * *
The black mamba bites you!
You die...

...##.....####.#..≈♣ ≈
♣; ...###............≈♣
♣≈
..................♣P≈≈≈≈
≈≈♣
..................♣≈P≈≈≈
♣≈ ♣
..................♣♣≈≈≈≈
; ♣
..................≈♣≈≈≈≈
♣. ..####.............♣
P≈≈ ♣. ..#
.............♣P≈≈≈ ♣.
..# .......@..P≈≈♣
.......S).♣≈≈≈≈
...........♣♣≈P
...........♣ ≈
.......)....♣
..............
..............≈
...............


You could see a black mamba.

Vanquished Creatures
  A hydra (D:9)
  Harold (Lair:1)
  A komodo dragon (Lair:1)
  A two-headed ogre (D:8)
  A wraith (D:7)
  2 yaks (D:9)
  Eustachio (D:4)
  A wyvern (D:8)
  2 hungry ghosts
  A water moccasin (D:8)
  3 sky beasts
  4 phantoms
  A porcupine (Lair:1)
  An ice beast (D:9)
  2 centaurs (D:6)
  5 ogres
  2 giant frogs
  5 big kobolds
  4 killer bees (D:7)
  2 scorpions (D:9)
  5 wights (D:8)
  3 crimson imps
  A centaur zombie (D:9)
  6 orc wizards
  2 jellies
  A gnoll shaman (D:6)
  3 hounds
  An orc priest (D:4)
  Natasha (D:4)
  3 iguanas
  A hell rat (D:5)
  10 worker ants
  8 sheep
  A hound zombie (D:5)
  A hound skeleton (D:8)
  8 gnolls
  2 worker ant zombies
  Robin (D:4)
  9 adders
  11 river rats
  A shadow imp (D:6)
  2 adder zombies
  An adder skeleton (D:4)
  4 worms
  6 giant geckos
  15 orcs
  A ball python (D:5)
  10 bats
  7 giant cockroaches
  10 hobgoblins
  2 jackals (D:5)
  18 kobolds
  2 quokkas
  A giant gecko zombie (D:5)
  3 giant newts
  21 goblins
  A jackal skeleton (D:5)
  A jackal zombie (D:6)
  27 rats
252 creatures vanquished.

Notes
Turn   | Place    | Note
--------------------------------------------------------------
     0 | D:1      | Blunderbuss the Gargoyle Earth Elementalist began the quest for the Orb.
     0 | D:1      | Reached XP level 1. HP: 10/10 MP: 3/3
   283 | D:1      | Reached XP level 2. HP: 15/15 MP: 1/5
   287 | D:1      | Learned a level 2 spell: Stoneskin
   487 | D:1      | Reached skill level 4 in Earth Magic
   511 | D:1      | Reached XP level 3. HP: 17/19 MP: 0/7
   516 | D:1      | Learned a level 3 spell: Stone Arrow
   963 | D:2      | Found a faded altar to an unknown god.
  1254 | D:2      | Found a blossoming altar of Fedhas.
  1722 | D:3      | Reached XP level 4. HP: 24/24 MP: 3/9
  2095 | D:3      | Noticed a moth of wrath
  2099 | D:3      | Found a bloodstained altar of Trog.
  2626 | D:4      | Noticed an ogre
  2632 | D:4      | Killed an ogre
  2632 | D:4      | Reached XP level 5. HP: 28/28 MP: 6/11
  2639 | D:4      | Learned a level 5 spell: Lee's Rapid Deconstruction
  2730 | D:4      | Reached skill level 5 in Earth Magic
  2867 | D:4      | Reached XP level 6. HP: 19/32 MP: 0/13
  2868 | D:4      | Noticed Robin
  2876 | D:4      | Killed Robin
  2933 | D:4      | Noticed Eustachio
  2961 | D:4      | Reached skill level 5 in Spellcasting
  2974 | D:5      | Entered Level 5 of the Dungeon
  3450 | D:6      | Reached skill level 6 in Earth Magic
  3450 | D:6      | Reached XP level 7. HP: 31/36 MP: 8/15
  3654 | D:6      | Found a shattered altar of Ashenzari.
  3898 | D:6      | Gained mutation: You have a pair of small horns on your head. [potion of mutation]
  3898 | D:6      | Gained mutation: You evolve. [potion of mutation]
  3898 | D:6      | Gained mutation: Your mind is acute. (Int +2) [potion of mutation]
  3926 | D:6      | Found a snail-covered altar of Cheibriados.
  4014 | D:6      | Gained mutation: Armour fits poorly on your strangely shaped body. [evolution]
  4285 | D:6      | Reached skill level 7 in Spellcasting
  4285 | D:6      | Reached XP level 8. HP: 41/41 MP: 7/18
  4499 | D:6      | Found a shadowy altar of Dithmenos.
  4728 | D:6      | Found a bloodstained altar of Trog.
  4886 | D:5      | Reached skill level 8 in Spellcasting
  5704 | D:5      | Got a creamy pearl robe
  5715 | D:5      | Identified the +0 robe of the Thunderstorm {Str+6 Dex+3} (You found it on level 5 of the Dungeon)
  5953 | D:5      | Reached XP level 9. HP: 45/45 MP: 12/21
  5960 | D:5      | Reached skill level 9 in Spellcasting
  6243 | D:4      | Killed Eustachio
  6666 | D:4      | Noticed Natasha
  6668 | D:4      | Killed Natasha
  7194 | D:7      | Found a staircase to the Ecumenical Temple.
  7215 | Temple   | Entered the Ecumenical Temple
  7219 | Temple   | Became a worshipper of Vehumet
  7311 | D:7      | Found a flagged portal.
  7439 | D:7      | Lost mutation: Armour fits poorly on your strangely shaped body. [evolution]
  7574 | D:8      | Reached skill level 10 in Spellcasting
  7873 | D:8      | Reached XP level 10. HP: 50/50 MP: 18/24
  7875 | D:8      | Reached skill level 10 in Earth Magic
  7875 | D:8      | Reached * piety under Vehumet
  7875 | D:8      | Offered knowledge of Sting by Vehumet.
  8791 | D:9      | Found a staircase to the Orcish Mines.
  8798 | D:9      | Reached skill level 11 in Spellcasting
  8862 | D:9      | Found a glowing golden altar of the Shining One.
  8867 | D:9      | Found a basalt altar of Yredelemnul.
  8868 | D:9      | Found a shimmering altar of Xom.
  8873 | D:9      | Found a shadowy altar of Dithmenos.
  8891 | D:9      | Found an iron altar of Okawaru.
  9002 | D:9      | Found a staircase to the Lair.
  9012 | D:9      | Reached skill level 1 in Maces & Flails
  9118 | D:9      | Got a twisted flail
  9133 | D:9      | Learned a level 5 spell: Bolt of Magma
  9181 | D:9      | Reached skill level 1 in Armour
  9184 | D:9      | Reached ** piety under Vehumet
  9187 | D:9      | Reached skill level 1 in Fighting
  9189 | D:9      | Noticed a three-headed hydra
  9195 | D:9      | Killed a three-headed hydra
  9195 | D:9      | Offered knowledge of Magic Dart by Vehumet.
  9195 | D:9      | Reached skill level 1 in Fire Magic
  9232 | D:9      | Identified the cursed +1 flail of Xogra {freeze, rPois rN+} (You found it on level 9 of the Dungeon)
  9276 | Lair:1   | Entered Level 1 of the Lair of Beasts
  9305 | Lair:1   | HP: 1/53 [komodo dragon (18)]
  9391 | Lair:1   | Noticed Fannar
  9475 | Lair:1   | Noticed Harold
  9526 | Lair:1   | Killed Harold
  9526 | Lair:1   | Reached XP level 11. HP: 41/59 MP: 0/26
  9667 | Lair:1   | Noticed a black mamba
  9673 | Lair:1   | Slain by a black mamba

Action                   |  1- 3 |  4- 6 |  7- 9 | 10-12 || total
-------------------------+-------+-------+-------+-------++-------
Melee: Whip              |    35 |    50 |    58 |       ||   143
       Morningstar       |       |       |     4 |    10 ||    14
       Falchion          |       |       |       |    23 ||    23
       Unarmed           |       |       |       |     2 ||     2
       Flail             |       |       |       |     4 ||     4
 Cast: Sandblast         |    51 |    57 |   128 |    46 ||   282
       Stone Arrow       |     9 |    18 |    31 |    20 ||    78
       Stoneskin         |     4 |     1 |       |       ||     5
       Lee's Rapid Decon |       |     3 |    27 |    27 ||    57
Evoke: Wand              |       |    11 |     6 |     9 ||    26
  Use: Scroll            |     7 |     2 |    11 |     5 ||    25
       Potion            |       |     4 |    11 |     1 ||    16
 Stab: Sleeping          |     1 |       |       |       ||     1
  Eat: Fruit             |     5 |       |     2 |     8 ||    15
       Pizza             |     1 |       |     4 |     1 ||     6
       Royal jelly       |     1 |       |       |       ||     1
       Beef jerky        |       |     1 |     2 |     1 ||     4
       Meat ration       |       |     1 |     2 |     1 ||     4
